 Dungeon Crawl Stone Soup version 0.25.1-8-g42b30a86e7 (webtiles) character file.

Game seed: 642440839916900623

1264 SpoonFarmer the Carver (level 8, -4/70 HPs)
             Began as a Minotaur Fighter on Dec 1, 2020.
             Slain by a sixfirhy (11 damage)
             ... summoned by a kobold demonologist
             ... on level 6 of the Dungeon.
             The game lasted 00:08:19 (5672 turns).

SpoonFarmer the Carver (Minotaur Fighter)           Turns: 5672, Time: 00:08:19

Health: -4/70      AC: 12    Str: 21    XL:     8   Next: 27%
Magic:  7/7        EV: 10    Int:  5    God:
Gold:   142        SH: 10    Dex: 12    Spells: 7/7 levels left

rFire    . . .     SeeInvis .   a - +0 long sword
rCold    . . .     Gourm    .   c - +0 kite shield
rNeg     . . .     Faith    .   b - +0 scale mail
rPois    .         Spirit   .   (helmet restricted)
rElec    .         Reflect  .   A - +2 cloak
rCorr    .         Harm     .   e - +1 pair of gloves of Suudok {Stlth+}
MR       .....                  (no boots)
Stlth    ++........             (no amulet)
HPRegen  0.21/turn              B - ring of stealth
MPRegen  0.10/turn              (no ring)

@: no status effects
A: retaliatory headbutt, horns 2
a: no special abilities


You were on level 6 of the Dungeon.
You were not hungry.

You visited 1 branch of the dungeon, and saw 6 of its levels.

You collected 289 gold pieces.
You spent 147 gold pieces at shops.

Inventory:

Hand Weapons
 a - a +0 long sword (weapon)
Armour
 b - a +0 scale mail (worn)
 c - a +0 kite shield (worn)
 e - the +1 pair of gloves of Suudok (worn) {Stlth+}
   (You found it on level 4 of the Dungeon)

   It makes you more stealthy.
 A - a +2 cloak (worn)
Jewellery
 B - a ring of stealth (left hand)
Wands
 s - a wand of clouds (4)
 D - a wand of paralysis (14)
Scrolls
 d - a scroll of immolation
 g - 3 scrolls of teleportation
 k - 3 scrolls of remove curse
 m - 2 scrolls of blinking
 p - 2 scrolls of fog
 t - a scroll of enchant weapon
 u - 2 scrolls of magic mapping
 v - 2 scrolls of enchant armour
 z - a scroll of amnesia
Potions
 h - 2 potions of lignification {unknown}
 i - 2 potions of brilliance
 l - 2 potions of magic {unknown}
 n - a potion of heal wounds {unknown}
 o - 2 potions of berserk rage {unknown}
 q - a potion of flight {unknown}
 r - a potion of resistance {unknown}
 x - a potion of ambrosia {unknown}
 C - a potion of degeneration {unknown}
 E - 2 potions of haste {unknown}
Comestibles
 f - 7 rations


   Skills:
 + Level 5.8 Fighting
 + Level 8.2 Long Blades
 - Level 5.0 Armour
 * Level 5.1 Dodging
 + Level 0.9 Stealth
 - Level 5.0 Shields


You had 7 spell levels left.
You didn't know any spells.
Your spell library contained the following spells:

 Spells                   Type           Power        Failure   Level  Hunger
 Confusing Touch          Hex            #.......     100%        3    ####...
 Gell's Gravitas          Tloc           #.........   100%        3    ####...
 Petrify                  Tmut/Erth      #.......     100%        4    #####..
 Metabolic Englaciation   Hex/Ice        #.........   100%        5    ######.
 Yara's Violent Unravell  Hex/Tmut       #.........   100%        5    ######.


Dungeon Overview and Level Annotations

Branches:
Dungeon (6/15)             Temple (0/1) D:4

Altars:

Shops:
D:5 *


Innate Abilities, Weirdness & Mutations

You reflexively headbutt those who attack you in melee.
You have a pair of horns on your head.


Message History

Your headbutt misses the sixfirhy.
The sixfirhy is lightly wounded.
The kobold demonologist hits you but does no damage.
The sixfirhy hits you but does no damage.
Unknown command.
You hit the kobold demonologist but do no damage.
Your headbutt misses the kobold demonologist.
The kobold demonologist is severely wounded.
You block the sixfirhy's attack.
The sixfirhy hits you but does no damage.
The sixfirhy hits you.
* * * LOW HITPOINT WARNING * * *
The sixfirhy shocks you!
* * * LOW HITPOINT WARNING * * *
You block the kobold demonologist's attack.
You hit the kobold demonologist.
Your headbutt misses the kobold demonologist.
The kobold demonologist is severely wounded.
You block the sixfirhy's attack. The sixfirhy hits you!
You die...

.#.##...#.....##.#
.#....#.###...##.#
...........#.>...# #
##.#....##.#..####.####
..<.######.#.....#.!..#.
..### #.....#.#......
..###......####..†....##
........................
....
####.......###..@....###
##.$.. .........(.#
#.3K....# ...%..
...##......# #.......#
.....# ##.##......#
##...!..######.....#
##......
....##.#.........$#
..##.#.....KO......# #.
........5<# ..
......##### )....


You could see a kobold demonologist and a sixfirhy (summoned).

Vanquished Creatures
  3 ice beasts
  A phantom (D:4)
  A centaur (D:5)
  2 bullfrogs (D:6)
  A scorpion (D:5)
  2 howler monkeys (D:4)
  4 orc priests
  2 hounds (D:4)
  An orc wizard (D:6)
  Crazy Yiuf (D:5)
  5 worker ants
  A hound zombie (D:5)
  A hound skeleton (D:4)
  8 adders
  A shadow imp (D:5)
  2 oozes
  An adder zombie (D:5)
  An adder skeleton (D:5)
  A worm (D:2)
  7 leopard geckos
  10 orcs
  4 ball pythons
  4 giant cockroaches
  4 goblins
  6 hobgoblins
  7 jackals
  A quokka (D:3)
  A ball python zombie (D:5)
  8 bats
  2 frilled lizards
  2 kobolds
  A quokka skeleton (D:4)
  7 rats
103 creatures vanquished.

Notes
Turn   | Place    | Note
-------+----------+-------------------------------------------
     0 | D:1      | SpoonFarmer the Minotaur Fighter began the quest for the
                  | Orb.
     0 | D:1      | Reached XP level 1. HP: 19/19 MP: 0/0
   120 | D:1      | Reached XP level 2. HP: 15/27 MP: 1/1
   731 | D:2      | Reached XP level 3. HP: 33/33 MP: 2/2
   918 | D:2      | Reached skill level 1 in Dodging
  1378 | D:2      | Reached skill level 3 in Long Blades
  1534 | D:3      | Reached XP level 4. HP: 40/40 MP: 3/3
  2039 | D:4      | Found a staircase to the Ecumenical Temple.
  2179 | D:4      | Reached skill level 5 in Shields
  2182 | D:4      | Reached XP level 5. HP: 35/46 MP: 4/4
  2362 | D:3      | Reached skill level 4 in Long Blades
  2619 | D:4      | Reached skill level 5 in Armour
  2624 | D:4      | Reached XP level 6. HP: 18/52 MP: 5/5
  3325 | D:4      | Reached skill level 5 in Long Blades
  3511 | D:4      | Got a pair of smoking gloves
  3517 | D:4      | Identified the +1 pair of gloves of Suudok {Stlth+} (You
                  | found it on level 4 of the Dungeon)
  3554 | D:5      | Entered Level 5 of the Dungeon
  3563 | D:5      | Found Aciuh's General Store.
  3584 | D:5      | Bought a scroll of identify for 28 gold pieces
  3584 | D:5      | Bought a scroll of identify for 28 gold pieces
  3584 | D:5      | Bought a scroll of magic mapping for 49 gold pieces
  3584 | D:5      | Bought a potion of curing for 42 gold pieces
  3806 | D:5      | Reached XP level 7. HP: 60/60 MP: 6/6
  3961 | D:5      | Reached skill level 6 in Long Blades
  4212 | D:5      | Found a runed translucent door.
  4213 | D:5      | Noticed Crazy Yiuf
  4355 | D:5      | Reached skill level 5 in Fighting
  4859 | D:5      | Killed Crazy Yiuf
  4940 | D:6      | Reached skill level 7 in Long Blades
  4948 | D:6      | Reached XP level 8. HP: 54/69 MP: 7/7
  5018 | D:6      | Noticed a kobold demonologist
  5027 | D:6      | Noticed an orange demon
  5249 | D:6      | Reached skill level 8 in Long Blades
  5257 | D:6      | Reached skill level 5 in Dodging
  5664 | D:6      | Noticed a sixfirhy
  5672 | D:6      | Slain by a sixfirhy

Illustrated notes

Levels and vault maps discovered:
D:1:      dpeg_arrival_connections, layout_rooms, kennysheep_flooded_box
D:2:      layout_basic, first_ration
D:3:      layout_basic
D:4:      layout_loops_ring, minmay_temple_entry_waves
D:5:      layout_cave_pods, serial_shops, shop, serial_bayou_ford_a,
          uniq_crazy_yiuf_cottage
D:6:      layout_basic, hangedman_decor_riveting, lemuel_angel_altar

Skill      XL: |  1  2  3  4  5  6  7  8 |
---------------+-------------------------+-----
Armour         | 4 5 |  5.0
Shields        | 4 5 |  5.0
Dodging        | 1 2 3 4 5 |  5.1
Long Blades    | 3 4 5 7 8 |  8.2
Fighting       | 4 5 |  5.8
Stealth        | |  0.9

Action                   |  1- 3 |  4- 6 |  7- 9 || total
-------------------------+-------+-------+-------++-------
Melee: Long sword        |    98 |   150 |   110 ||   358
       Headbutt          |    11 |    20 |    19 ||    50
  Use: Scroll            |     7 |     5 |     4 ||    16
       Potion            |       |     2 |     5 ||     7
 Stab: Invisible         |       |       |     1 ||     1
       Distracted        |       |       |     1 ||     1
  Eat: Chunk             |     2 |     4 |     6 ||    12
       Ration            |       |     1 |       ||     1
Armor: Scale mail        |    41 |    53 |    66 ||   160
Dodge: Dodged            |    33 |    60 |    65 ||   158
Block: Kite shield       |    64 |    86 |    87 ||   237
       Rpst.: Long sword |     8 |    22 |    22 ||    52
